 Dungeon Crawl Stone Soup version 0.31-a0-364-gb59cdcccf2 (webtiles) character file.

Game seed: 17803431548601940070

7132 zero the Grappler (level 10, -7/111 HPs)
             Began as a Troll Shapeshifter on July 27, 2023.
             Was an Elder of Okawaru.
             Mangled by a death yak (23 damage)
             ... on level 9 of the Dungeon.
             The game lasted 00:13:39 (7877 turns).

zero the Grappler (Troll Shapeshifter)              Turns: 7877, Time: 00:13:40

Health: -7/111     AC:  8    Str: 27    XL:     10   Next: 85%
Magic:  10/11      EV: 10    Int:  4    God:    Okawaru [****..]
Gold:   313        SH:  5    Dex: 19    Spells: 9/9 levels left

rFire   x .          .
                       - Unarmed
rCold   + . .        (no shield)
rNeg    + + +        C - +1 steam dragon scales
rPois   .            u - melded +3 hat of the Shining Light {SInv}
rElec   .            (cloak currently unavailable)
rCorr   .            (gloves unavailable)
SInv    .            (boots unavailable)
Will    .....        z - amulet "Ypnikeh" {Reflect rN+ Str+2 SH+5 Stlth+}
Stlth   +++          d - ring of positive energy
HPRegen 1.18/turn    e - ring "Afohen" {rF- rC+ rN+++ Dex+5}
MPRegen 0.12/turn

%: reflection
@: mighty, beast-form, studying Shields
A: beast (slay +2), large, unfitting armour, claws 3, regeneration 1, shaggy fur
1, tough skin 1
a: Begin Untransformation, Renounce Religion, Heroism, Finesse


You were on level 9 of the Dungeon.
You worshipped Okawaru.
Okawaru was greatly pleased with you.
You were a hulking beast.
You visited 2 branches of the dungeon, and saw 10 of its levels.
You also visited: Sewer.

You collected 490 gold pieces.
You spent 177 gold pieces at shops.

Inventory:

Missiles
 k - 6 large rocks
 l - 8 poisoned darts
 y - 5 throwing nets
 D - 2 boomerangs
Armour
 u - the +3 hat of the Shining Light (melded) {SInv}
   (You found it in a sewer)

   SInv:      It lets you see invisible.
 C - +1 steam dragon scales (worn)
Jewellery
 d - a ring of positive energy (left claw)
 e - the ring "Afohen" (right claw) {rF- rC+ rN+++ Dex+5}
   (You acquired it on level 3 of the Dungeon)

   [ring of protection from cold]

   Dex:       It affects your dexterity (+5).
   rF:        It makes you vulnerable to fire.
   rC:        It protects you from cold.
   rN:        It renders you almost immune to negative energy.
 z - the amulet "Ypnikeh" (around neck) {Reflect rN+ Str+2 SH+5 Stlth+}
   (You found it on level 6 of the Dungeon)

   [amulet of reflection]

   It reflects blocked missile attacks.
   Str:       It affects your strength (+2).
   rN:        It protects you from negative energy.
   SH:        It affects your SH (+5).
   Stlth:     It makes you more stealthy.
Talismans
 c - a beast talisman
 x - a maw talisman
Wands
 q - a wand of flame (5) (quivered)
 v - a wand of iceblast (4)
Scrolls
 g - 2 scrolls of amnesia
 h - 4 scrolls of teleportation
 i - a scroll of revelation
 B - 4 scrolls of identify
Potions
 a - a potion of ambrosia
 b - a potion of lignification
 f - a potion of might
 j - 2 potions of attraction
 m - 5 potions of magic
 n - a potion of invisibility
 o - a potion of mutation
 p - 5 potions of curing
 r - 2 potions of resistance
 s - a potion of heal wounds
 t - a potion of brilliance
 A - a potion of enlightenment


   Skills:
 + Level 10.4 Fighting
 + Level 3.3 Throwing
 - Level 1.5 Dodging
 + Level 10.6 Unarmed Combat
 - Level 3.0 Invocations
 - Level 3.0 Shapeshifting


You had 9 spell levels left.
You didn't know any spells.
Your spell library contained the following spells:

 Spells                   Type           Power      Damage    Failure   Level
 Necrotise                Necr           0%         1d4       50%         1
 Inner Flame              Hex/Fire       0%         N/A       86%         3
 Vampiric Draining        Necr           0%         2d6       86%         3
 Vhi's Electric Charge    Tloc/Air       0%         N/A       86%         3
 Flame Wave               Conj/Fire      0%         2d4       99%         4
 Sticky Flame             Conj/Fire      0%         2d3       99%         4
 Agony                    Necr           0%         N/A       100%        5
 Arcjolt                  Conj/Air       0%         1d10      100%        5
 Plasma Beam              Fire/Air       0%         2x1d10    100%        6


Dungeon Overview and Level Annotations

Branches:
Dungeon (9/15)             Temple (1/1) D:7            Lair (0/5) D:9
  Sewer (visited)
    Orc: D:9-12

Altars:
Ashenzari
Cheibriados
Dithmenos
Fedhas
Gozag
Kikubaaqudgha
Nemelex Xobeh
Okawaru
Qazlal
Ru
Sif Muna
Trog
Uskayaw
Vehumet
Wu Jian
Xom
Yredelemnul
Zin

Shops:
D:3 **:   D:6 ?

Annotations:
D:8 exclusion: downstairs


Innate Abilities, Weirdness & Mutations

You are a hulking beast.
Your limbs bulge with bestial killing power. (Slay +2)
You are too large for most types of armour.
You have claws for hands.
Your natural rate of healing is unusually fast.
You are covered in fur. (AC +1)
You have tough skin. (AC +1)


Message History

You continue transforming.
The death yak gores you!
You turn into a hulking beast.
The +3 hat of the Shining Light {SInv} melds into your body.
You feel very mighty all of a sudden. You block the death yak's attack.
Okay, then.
You scratch the death yak but do no damage.
The death yak gores you but does no damage.
You barely miss the death yak. The death yak misses you.
The death yak snorts and paws the ground.
You claw the death yak!
The death yak is lightly wounded.
You mangle the death yak!!
The death yak is severely wounded.
You feel like a meek peon again. The death yak gores you!
You claw the death yak!
The death yak is almost dead.
You block the death yak's attack.
You claw the death yak! You claw the death yak.
The death yak is almost dead.
The death yak gores you!
* * * LOW HITPOINT WARNING * * *
You scratch the death yak.
You kill the death yak!
Okawaru is honoured by your kill.
You can now speed up your combat.
Training target 3.0 for Invocations reached!
Your Throwing skill increases to level 3!
Your Invocations skill increases to level 3!
You mangle the death yak!!
The death yak is moderately wounded.
You mangle the death yak!!
The death yak is severely wounded.
The death yak gores you!
* * * LOW HITPOINT WARNING * * *
You scratch the death yak.
The death yak is almost dead.
The death yak gores you!!
You die...

#.+##.#......# ###
#......#....###.##
#..?.......>.......
+..........########
#..........#
#......#####
#......#
#.........#'##
#.....###.#h#
#.....### #Y#
#.........[YY......
#.....##...Y.......
#.....#........$...
#y#..........#.....
#<#.#....#.>.#..$##
#............. ...#
#.###.$.....#. ...#


You could see a death yak and 3 yaks.

Vanquished Creatures
  2 two-headed ogres
  2 death yaks (D:9)
  A troll (D:8)
  Grinder (D:6)
  6 yaks (D:8)
  Eustachio (D:6)
  A vampire mosquito (D:5)
  2 steam dragons
  Duvessa (D:6)
  A water moccasin (D:7)
  2 ice beasts (D:7)
  3 black bears
  An orc warrior (D:8)
  2 ogres (D:6)
  2 centaurs
  A kobold brigand (D:8)
  3 bullfrogs
  6 wights
  Dowan (D:6)
  2 howler monkeys
  2 electric eels (D:8)
  2 jellies (Sewer)
  5 hounds
  5 gnoll boudas
  An iron imp (D:3)
  An orc priest (D:8)
  4 sleepcaps
  2 orc wizards (D:8)
  4 iguanas
  The ghost of Sapher the Chopper, a weakling HOWr (D:3)
  20 gnolls
  8 adders
  4 river rats
  A shadow imp (D:8)
  3 ufetubi
  5 dart slugs
  21 orcs
  4 bats
  13 endoplasms
  2 giant cockroaches
  17 goblins
  2 hobgoblins
  7 jackals
  3 quokkas
  13 ball pythons
  7 frilled lizards
  10 kobolds
  10 rats
218 creatures vanquished.

Notes
Turn   | Place    | Note
-------+----------+-------------------------------------------
     0 | D:1      | zero the Troll Shapeshifter began the quest for the Orb.
     0 | D:1      | Reached XP level 1. HP: 18/18 MP: 0/0
     6 | D:1      | Noticed an iguana
     6 | D:1      | Noticed a redback
     7 | D:1      | Noticed a black bear
     7 | D:1      | Noticed a swamp drake
    36 | D:1      | Reached skill level 1 in Fighting
   128 | D:1      | Reached XP level 2. HP: 12/28 MP: 1/1
   971 | D:2      | Reached XP level 3. HP: 36/36 MP: 2/2
  1265 | D:2      | Found a basalt altar of Yredelemnul.
  1513 | D:3      | Found Gatwer's Assorted Antiques.
  1530 | D:3      | Bought a scroll labelled OMU BEIFOTILEI for 26 gold pieces
  1530 | D:3      | Bought a glowing pink potion for 23 gold pieces
  1530 | D:3      | Bought a dark potion for 23 gold pieces
  1530 | D:3      | Bought a dark potion for 23 gold pieces
  1537 | D:3      | Identified a scroll of acquirement
  1537 | D:3      | Acquired the ring "Afohen" {rF- rC+ rN+++ Dex+5}
  1545 | D:3      | Found Bamyen's Book Shoppe.
  1576 | D:3      | Noticed Sapher's ghost (weakling HOWr)
  1586 | D:3      | Reached XP level 4. HP: 42/45 MP: 3/3
  1627 | D:3      | Found a runed translucent door.
  1721 | D:3      | Found a stormy altar of Qazlal.
  1728 | D:3      | Found a broken altar of Ashenzari.
  1766 | D:3      | Found Ucigauwnia's Assorted Antiques.
  1866 | D:3      | Found a snail-covered altar of Cheibriados.
  1987 | D:3      | Killed Sapher's ghost
  1988 | D:3      | Reached XP level 5. HP: 54/54 MP: 4/4
  2331 | D:5      | Entered Level 5 of the Dungeon
  2333 | D:5      | Noticed a black bear
  2343 | D:5      | Killed a black bear
  2344 | D:5      | Reached skill level 5 in Fighting
  2344 | D:5      | Reached XP level 6. HP: 57/66 MP: 5/5
  2401 | D:5      | Found a radiant altar of Vehumet.
  2668 | D:5      | Found a glowing silver altar of Zin.
  2692 | D:5      | Reached XP level 7. HP: 75/75 MP: 6/6
  2771 | D:5      | Found a glowing drain.
  2805 | Sewer    | Entered a sewer
  3052 | Sewer    | Found a viscous altar of Jiyva.
  3128 | Sewer    | Identified the +3 hat of the Shining Light {SInv}
  3216 | D:5      | Found an iron altar of Okawaru.
  3252 | D:5      | Identified the +5 rapier of the Swamp {heavy, rPois rN++}
  3263 | D:5      | Became a worshipper of Warmaster Okawaru
  3354 | D:5      | Found a shadowy altar of Dithmenos.
  3489 | D:5      | Found a faded altar of an unknown god.
  3489 | D:5      | Noticed a vampire mosquito
  3489 | D:5      | Found the Hermit's Pendant {Faith Invo=14 Evo=0 MP+5}
  3497 | D:5      | Killed a vampire mosquito
  3895 | D:5      | Reached XP level 8. HP: 88/88 MP: 17/17
  4088 | D:6      | Noticed Eustachio
  4222 | D:6      | Killed Eustachio
  4222 | D:6      | Reached * piety under Okawaru
  4258 | D:6      | Found Fuix's Magic Scroll Boutique.
  4531 | D:6      | Reached skill level 5 in Unarmed Combat
  4544 | D:6      | Noticed Duvessa
  4544 | D:6      | Noticed Dowan
  4553 | D:6      | Killed Dowan
  4567 | D:6      | Killed Duvessa
  4644 | D:6      | Noticed Grinder
  4662 | D:6      | Paralysed by Grinder for 5 turns
  4681 | D:6      | Paralysed by Grinder for 4 turns
  4700 | D:6      | Killed Grinder
  4700 | D:6      | Reached ** piety under Okawaru
  4757 | D:6      | Noticed a two-headed ogre
  4763 | D:6      | Killed a two-headed ogre
  4764 | D:6      | Reached XP level 9. HP: 98/98 MP: 18/18
  5030 | D:6      | Identified the amulet "Ypnikeh" {Reflect rN+ Str+2 SH+5
                  | Stlth+}
  5047 | D:6      | Reached *** piety under Okawaru
  5404 | D:7      | Reached skill level 1 in Invocations
  5579 | D:7      | Found a staircase to the Ecumenical Temple.
  5603 | Temple   | Entered the Ecumenical Temple
  6259 | D:8      | Noticed a two-headed ogre
  6263 | D:8      | Killed a two-headed ogre
  6264 | D:8      | Reached skill level 10 in Fighting
  6264 | D:8      | Reached XP level 10. HP: 63/110 MP: 9/9
  6312 | D:9      | Noticed a death yak
  6314 | D:9      | Noticed a death yak
  6736 | D:8      | Reached skill level 10 in Unarmed Combat
  6794 | D:8      | Identified the +1 robe of Melancholy {Int+3}
  6831 | D:8      | Found a blossoming altar of Fedhas.
  7085 | D:8      | Reached skill level 1 in Throwing
  7204 | D:8      | Reached **** piety under Okawaru
  7693 | D:6      | Bought a scroll of enchant armour for 82 gold pieces
  7850 | D:9      | Noticed a death yak
  7851 | D:9      | Found a staircase to the Lair.
  7858 | D:9      | Killed a death yak
  7859 | D:9      | Paralysed by a hornet for 2 turns
  7874 | D:9      | Killed a death yak
  7877 | D:9      | Mangled by a death yak

Illustrated notes

Levels and vault maps discovered:
D:1:      onia_arrival_zoo_common, layout_loops_cross
D:2:      layout_loops_ring, basic_altar, dreamdust_mushroom_princess,
          st_stairs_14
D:3:      layout_rooms, cheibrodos_ashenzari_chains,
          nicolae_qazlal_general_emergency, slow_altar_2,
          hellmonk_ghost_happy_afterlife, serial_shops,
          nicolae_shop_rolling_square, shop, shop, grunt_ministairs_2,
          minmay_crystal_room, kennysheep_decorative_pillar, kennysheep_doodads,
          st_stairs_7
D:4:      layout_basic
D:5:      layout_layer_cave, nicolae_dithmenos_the_darkroom, zin_academy,
          mainiacjoe_overflow_brackets, kennysheep_okawaru_gauntlet,
          portal_sewer_entry_c, hellmonk_guarded_unrand_hermit
D:6:      layout_rooms, serial_shops, nicolae_shop_statue_plus,
          minmay_ogre_servants, uniq_eustachio, uniq_grinder, uniq_duvessa
D:7:      layout_basic, minmay_temple_entry_large_hall, minmay_manual_moon
D:8:      layout_loops_corners, fedhas_ov_isle_minmay, minmay_strange_pillars,
          dreamdust_wishing_well, chequers_garden, water_boxes_lemuel
D:9:      layout_basic, kennysheep_ying_yang, dpeg_lair_monsters, fountainhead
Temple:   hellmonk_temple_rainy

Skill      XL: |  1  2  3  4  5  6  7  8  9 10 |
---------------+-------------------------------+-----
Fighting       | 1 2 3 4 5 6 7 9 10 | 10.4
Unarmed Combat | 6 9 10 | 10.6
Invocations    | 1 3 |  3.0
Throwing       | 3 |  3.3
Dodging        | |  1.5
Shapeshifting  | |  3.0

Action                     |  1- 3 |  4- 6 |  7- 9 | 10-12 || total
---------------------------+-------+-------+-------+-------++-------
  Melee: Unarmed           |   106 |    79 |   275 |   114 ||   574
         Punch             |     2 |     4 |    10 |     5 ||    21
 Invoke: Heroism           |       |       |     1 |     2 ||     3
  Evoke: Wand              |       |    15 |     6 |       ||    21
    Use: Scroll            |     9 |       |     9 |     5 ||    23
         Potion            |       |       |     1 |     2 ||     3
   Stab: Sleeping          |     6 |     1 |     2 |       ||     9
 Armour: Animal skin       |    58 |    26 |    87 |    11 ||   182
         Steam dragon scal |       |       |       |    15 ||    15
  Dodge: Dodged            |    43 |    37 |   148 |    42 ||   270
  Block: Other             |       |       |     9 |    28 ||    37
   Form: Beast             |       |       |     2 |     2 ||     4
                           |       |       |     1 |     2 ||     3
         Maw               |       |       |     1 |     1 ||     2

Table legend: (Time is in decaauts)
 A = Elapsed time spent in this place.
 B = Non-inter-level travel time spent in this place.
 C = Inter-level travel time spent in this place.
 D = Time resting spent in this place.
 E = Time spent auto-exploring this place.
 F = Levels seen in this place.
 G = Mean time per level.
                   A        B        C        D        E       F      G
               +--------+--------+--------+--------+--------+-----+--------+
         Total |   7830 |   7384 |    446 |    863 |   5001 |  11 |  711.8 |
       Dungeon |   7478 |   7032 |    446 |    727 |   4900 |   9 |  830.9 |
        Temple |      1 |      1 |      0 |      0 |      0 |   1 |    1.0 |
         Sewer |    350 |    350 |      0 |    136 |    101 |   1 |  350.0 |
               +--------+--------+--------+--------+--------+-----+--------+

Top non-repeatable levels by time:
     D:5: 1686 daAuts
     D:8: 1448 daAuts
     D:7: 1016 daAuts
     D:6: 892 daAuts
     D:1: 789 daAuts
     D:3: 651 daAuts
     D:2: 564 daAuts
   Sewer: 350 daAuts
     D:4: 313 daAuts
     D:9: 116 daAuts
  Temple: 1 daAuts
